[Event "*** Titled Tuesday Blitz"]
[Site "Chess.com"]
[Date "2020.05.12"]
[Round "2"]
[White "Sunnika"]
[Black "Mikhail_Biryukov"]
[Result "0-1"]
[WhiteElo "2323"]
[BlackElo "2656"]
[TimeControl "180+1"]
[EndTime "10:18:44 PDT"]
[Termination "Mikhail_Biryukov won on time"]

1. e4 c5 2. Nf3 e6 3. d4 cxd4 4. Nxd4 Bc5 5. Nb3 Bb6 6. Nc3 Ne7 7.
Bd3 O-O 8. O-O f5 9. exf5 Nxf5 10. Qh5 Nc6 11. Bg5 Nce7 12. Ne4 d5 13. Ng3 Qd6 14.
Bxe7 Qxe7 15. Nxf5 exf5 16. Rae1 Qf6 17. c3 Bd7 18.
Re2 g6 19. Qf3 Bc6 20. Rfe1 d4 21. Bc4+ Kh8 22. Qh3 dxc3 23. Re7 h5 24. bxc3 Rae8 25. Rxe8 Rxe8 26. Rxe8+ Bxe8 27. Qf3 Qe5 28. g3 Qe1+ 29. Kg2 Bc6 30. Bd5 Bxd5 31. Qxd5 Qxf2+ 32. Kh3 Qf1+ 33.
Qg2 Qc4 34. Qd2 Qg4+ 35. Kg2 Qe4+ 36. Kh3 Qe6 37. Kg2 Kg7 38. Nd4 Qd5+ 39. Kh3 Bxd4 40. cxd4 b5 41. Kh4 a5 42. Kh3 b4 43. Qe3 Qe4 44.
Qd2 h4 45. d5 hxg3 46. hxg3 Qe7 47. d6 Qd7 48. Qd4+ Kf7 49. Kh4 Ke6 50. Kg5 Qxd6 51. Qe3+ Kd7 52. Qa7+ Kc6 53. Qxa5 Qxg3+ 54. Kf6 f4 55. Qxb4 f3 56. Qc4+ Kd7 57. Qb5+ Kc7 58. Qc5+ Kd8 59. Qf8+ Kc7 60. Qc5+ Kd7 61. Qb5+ Kd8 62.
Qd5+ Kc8 63. Qc4+ Qc7 64. Qe6+ Kb7 65. Qa6+ Kxa6 0-1

[Event "*** Titled Tuesday Blitz"]
[Site "Chess.com"]
[Date "2020.05.12"]
[Round "2"]
[White "Olga_Girya"]
[Black "top_bu_tz"]
[Result "0-1"]
[WhiteElo "2416"]
[BlackElo "2215"]
[TimeControl "180+1"]
[EndTime "10:18:44 PDT"]
[Termination "top_bu_tz won on time"]

1. d4 Nf6 2. c4 g6 3. Nc3 Bg7 4. e4 d6 5. Be2 O-O 6. Be3 e5 7. d5 Nbd7 8. Nf3 Ne8 9. Nd2 f5 10. f3 Nef6 11. O-O f4 12. Bf2 g5 13. b4 Rf7 14. c5 Nf8 15. cxd6 cxd6 16. Nc4 Ng6 17.
Nb5 Bf8 18. Nxa7 Bd7 19. Nb6 Rxa7 20. Nxd7 Rxd7 21. Bxa7 b6 22. Bxb6 Qxb6+ 23. Kh1 h5 24. a4 Qb7 25. a5 Qxb4 26. a6 Qb6 27. Qb1 Qe3 28. Qd3 Qb6 29. Rfb1 Qf2 30. Rb7 g4 31. Rxd7 Nh4 32. Rg1 Nxd7 33. fxg4 Nc5 34. Qh3 Nxe4 35. Bd3 Ng5 36. Qxh4 Qxh4 37. a7 hxg4 38. g3 fxg3 39. Rxg3 Nf3 40. Rxf3 gxf3 0-1

[Event "*** Titled Tuesday Blitz"]
[Site "Chess.com"]
[Date "2020.05.12"]
[Round "2"]
[White "CraiggoryC"]
[Black "Parkas"]
[Result "0-1"]
[WhiteElo "2102"]
[BlackElo "2402"]
[TimeControl "180+1"]
[EndTime "10:18:46 PDT"]
[Termination "Parkas won by resignation"]

1. e4 c5 2. Nc3 a6 3. g3 b5 4. Bg2 Bb7 5. d3 e6 6. f4 d5 7. Nf3 b4 8. Ne2 dxe4 9. Ng5 Nf6 10. Nxe4 Nxe4 11. Bxe4 Bxe4 12. dxe4 Qxd1+ 13. Kxd1 Nc6 14. Be3 O-O-O+ 15. Ke1 f5 16. exf5 exf5 17. Rd1 Rxd1+ 18. Kxd1 Be7 19. Re1 Rd8+ 20. Kc1 Kc7 21. Ng1 c4 22. Nf3 Bf6 23. Nd2 c3 24. Nc4 cxb2+ 25. Kb1 Rb8 26. Nxb2 Rd8 27. Nc4 Rd5 28. Bf2 a5 29. Ne3 Rb5 30.
Rd1 a4 31. Rd5 Rxd5 32. Nxd5+ Kd6 33. Nb6 a3 34. Nc4+ Kd5 35. Ne3+ Ke4 36. Kc1 Bd4 37.
Nd1 Bxf2 38. Nxf2+ Kf3 39. Nd3 Kg2 40. Kd2 Kxh2 41.
c3 Kxg3 42. cxb4 h5 43. b5 Nb8 44. b6 h4 45. Ke2 Kg2 46. Nf2 h3 47. Nxh3 Kxh3 48. Kf3 Kh4 49. Ke3 Kg4 50. Kd4 Kxf4 51. Kc5 Nd7+ 52. Kd6 Nxb6 0-1

[Event "*** Titled Tuesday Blitz"]
[Site "Chess.com"]
[Date "2020.05.12"]
[Round "2"]
[White "kingnb"]
[Black "Firehand33"]
[Result "0-1"]
[WhiteElo "2485"]
[BlackElo "2725"]
[TimeControl "180+1"]
[EndTime "10:18:47 PDT"]
[Termination "Firehand33 won on time"]

1. e4 e5 2. Nf3 Nc6 3. Bc4 Bc5 4. c3 Nf6 5. d3 O-O 6. Bg5 h6 7.
Bh4 Be7 8. O-O d6 9. a4 Nh5 10. Bxe7 Qxe7 11. Nbd2 Nf4 12. Re1 Na5 13.
Ba2 Nxd3 14. Re3 Nf4 15. Nf1 Nc6 16. Ng3 Be6 17. Bb1 g6 18. Qd2 Rad8 19. b4 d5 20. exd5 Bxd5 21. Qe1 f6 22. Bc2 Qf7 23. Ne4 Ne7 24.
Nc5 b6 25. Nd3 Nf5 26. Nxf4 Nxe3 27. Bxg6 Qg7 28. Nxd5 Rxd5 29. Nh4 Ng4 30. Qe4 Qd7 31. g3 h5 32. Bf5 Rd1+ 33. Kg2 Qd2 34. Bxg4 Rxa1 35. Qg6+ Kh8 36. Qh6+ Qxh6 0-1

[Event "*** Titled Tuesday Blitz"]
[Site "Chess.com"]
[Date "2020.05.12"]
[Round "2"]
[White "Too_Stupid_To_Play"]
[Black "Shuvalov"]
[Result "0-1"]
[WhiteElo "2243"]
[BlackElo "2465"]
[TimeControl "180+1"]
[EndTime "10:18:47 PDT"]
[Termination "Shuvalov won on time"]

1. c4 c6 2. Nc3 d5 3. e3 Nf6 4. Nf3 a6 5. b3 Bf5 6. Bb2 e6 7. Be2 h6 8. O-O Nbd7 9. d4 Bb4 10.
Rc1 O-O 11. a3 Bd6 12. b4 Qe7 13. Bd3 Bxd3 14. Qxd3 dxc4 15. Qxc4 e5 16. dxe5 Nxe5 17. Nxe5 Qxe5 18. g3 Rad8 19. Na4 Qf5 20. Nc5 Rb8 21. Bxf6 gxf6 22. Rfd1 Rfd8 23. Rd4 Bxc5 24. Rg4+ Kf8 25. bxc5 Rd2 26. Rf4 Qe5 27. Rb1 Rd7 28.
Qc2 Kg7 29. Qe2 Rbd8 30. Rbb4 Rd1+ 31. Kg2 Qd5+ 32. e4 Qxc5 33. Qg4+ Qg5 34. Qf3 h5 35. Rf5 Qg4 36. Rxh5 Qxf3+ 37. Kxf3 b5 38. Rc5 R8d6 39. Rb3 R1d3+ 40. Rxd3 Rxd3+ 41. Kg2 Rxa3 42. Rxc6 b4 43. Rb6 b3 44. f3 a5 45. h4 a4 46. Kh3 Ra2 47. h5 b2 48. Kg4 a3 49. f4 Ra1 0-1

[Event "*** Titled Tuesday Blitz"]
[Site "Chess.com"]
[Date "2020.05.12"]
[Round "2"]
[White "albano87"]
[Black "econpower"]
[Result "0-1"]
[WhiteElo "2311"]
[BlackElo "2625"]
[TimeControl "180+1"]
[EndTime "10:18:48 PDT"]
[Termination "econpower won by resignation"]

1. Nf3 g6 2. g3 Bg7 3. Bg2 d6 4. O-O Nd7 5. d4 e5 6. e4 Ne7 7. Be3 O-O 8. Qd2 Re8 9. Bh6 Bh8 10.
c3 c6 11. Rd1 Qc7 12. a4 d5 13. Nxe5 Nxe5 14. dxe5 dxe4 15. Bxe4 Bxe5 16. Na3 Bg4 17. Re1 Rad8 18. Qc1 Be6 19. Bg2 Bb3 20. Nc2 Nf5 21. Bd2 Qd7 22. Bg5 f6 23. Be3 Nxe3 24. Nxe3 f5 25. Bf3 Qd2 26. Bd1 Bf7 27. Bf3 Qxc1 28. Raxc1 Rd2 29. Rc2 Red8 30. Rec1 Rxc2 31. Rxc2 h5 32.
h4 f4 33. Nf1 fxg3 34. fxg3 Bc4 35. Kf2 Bb3 36. Rd2 Rxd2+ 37. Nxd2 Bxa4 38. Ne4 Bc2 39. Ng5 Bf5 40. Be4 Bxe4 41. Nxe4 b6 42. Kf3 Kf7 43.
Ng5+ Kf6 44. Ne4+ Ke6 45. Ng5+ Kd5 46. Nh3 Kc4 47. Nf4 Kb3 48. Nxg6 Bf6 49. Nf4 Kxb2 50. Nxh5 Bxc3 51. g4 a5 52. g5 a4 53. g6 a3 54. g7 Bxg7 55. Nxg7 a2 56. h5 a1=Q 57. h6 Qh1+ 58. Kg4 Qxh6 0-1

[Event "*** Titled Tuesday Blitz"]
[Site "Chess.com"]
[Date "2020.05.12"]
[Round "2"]
[White "NemtsevIgor"]
[Black "Matveev_Vladimir"]
[Result "1-0"]
[WhiteElo "2290"]
[BlackElo "2563"]
[TimeControl "180+1"]
[EndTime "10:18:49 PDT"]
[Termination "NemtsevIgor won by resignation"]

1. d4 Nf6 2. Bf4 g6 3. e3 Bg7 4.
Nf3 d6 5. Be2 O-O 6. O-O Nfd7 7.
Nc3 Nc6 8. e4 e5 9. Bg5 f6 10.
Be3 Kh8 11. Qd2 g5 12. d5 Ne7 13. Bxg5 fxg5 14. Nxg5 Nf6 15. Rad1 Ng6 16. g3 Qe7 17. Bc4 Ne8 18. Ne6 Bxe6 19. dxe6 c6 20. f4 exf4 21. gxf4 Nxf4 22. Kh1 Be5 23. Ne2 Nxe2 24. Qxe2 Ng7 25. Qg4 Rxf1+ 26. Rxf1 Rf8 27. Rf7 Qe8 28. c3 b5 29. Bb3 a5 30. a3 b4 31. cxb4 axb4 32.
a4 Rxf7 33. exf7 Qf8 34. Qd7 Nh5 35. a5 Nf4 36. Qe8 Kg7 37. a6 d5 38. a7 Qc5 39.
f8=Q+ Qxf8 40. Qxf8+ Kxf8 41. a8=Q+ Kg7 42. Qxc6 Bf6 43.
exd5 Nd3 44. d6 Nf2+ 45. Kg2 Ng4 46. Qb7+ Kh6 47. d7 Ne3+ 48. Kf3 Nf5 49. Qe4 Nd4+ 50.
Kg2 Nxb3 51. Qe3+ Kg7 52. Qxb3 Kf8 53. Qxb4+ 1-0

[Event "*** Titled Tuesday Blitz"]
[Site "Chess.com"]
[Date "2020.05.12"]
[Round "2"]
[White "DivyaDeshmukh23"]
[Black "narutosmith"]
[Result "1-0"]
[WhiteElo "2465"]
[BlackElo "2247"]
[TimeControl "180+1"]
[EndTime "10:18:49 PDT"]
[Termination "DivyaDeshmukh23 won on time"]

1. e4 c5 2. Nf3 e6 3. d4 cxd4 4. Nxd4 Nc6 5. Nc3 Qc7 6. Be3 a6 7. Be2 Nf6 8. O-O Be7 9. f4 d6 10. Bf3 O-O 11. Qe2 Nxd4 12. Bxd4 e5 13. Be3 exf4 14.
Bxf4 Be6 15. Kh1 Bc4 16. Qf2 Bxf1 17. Rxf1 Rac8 18. Qg3 Kh8 19. Rd1 Rfd8 20. Bg5 Qc5 21. h4 h6 22. Bf4 Nh5 23. Qg4 Nxf4 24. Qxf4 Qe5 25. Qxf7 Rf8 26. Qg6 Rf4 27. Rd5 Rxh4+ 28. Kg1 Qh2+ 29. Kf2 Rf8 30. Rf5 Bf6 31. Ne2 Be7 32.
Rxf8+ Bxf8 33. Qe8 Kg8 34. e5 Qxe5 35. Qg6 Rb4 36.
Qd3 Rxb2 37. Bd5+ Kh8 38. Qf3 Qf6 39. Nf4 Rxc2+ 40. Kg1 Qd4+ 41. Kh2 Qf6 42. Ng6+ 1-0

[Event "*** Titled Tuesday Blitz"]
[Site "Chess.com"]
[Date "2020.05.12"]
[Round "2"]
[White "Majesth"]
[Black "mfwagnerpeixoto"]
[Result "1-0"]
[WhiteElo "2463"]
[BlackElo "2242"]
[TimeControl "180+1"]
[EndTime "10:18:49 PDT"]
[Termination "Majesth won on time"]

1. d4 Nf6 2. Nc3 c5 3. d5 d6 4. e4 g6 5. f4 Nfd7 6. Nf3 Bg7 7. a4 O-O 8. Bc4 Nb6 9. Be2 Bg4 10. a5 Bxf3 11.
Bxf3 Nc4 12. Qe2 Nxa5 13. e5 b6 14. O-O Nd7 15. e6 Nf6 16. g4 fxe6 17. dxe6 d5 18. g5 Ne4 19. Nxe4 dxe4 20. Bxe4 Rc8 21. Ra3 Nc6 22. c3 Qc7 23. f5 gxf5 24. Bxf5 Qe5 25. Qc2 Kh8 26. Ra4 h6 27. gxh6 Bf6 28. Re4 Rg8+ 29.
Kh1 Qd5 30. c4 Qd6 31. Bf4 Qd8 32. Qf2 Nd4 33. Be5 Qf8 34. Bh3 Bxe5 35. Rxe5 Qxf2 36. Rxf2 Rcf8 37. Rxf8 Rxf8 38. Kg2 Rf6 39. Rd5 Rxh6 40.
Rd8+ Kg7 41. Rd7 Kf6 42. Rxa7 Ne2 43. Bg4 1-0

[Event "*** Titled Tuesday Blitz"]
[Site "Chess.com"]
[Date "2020.05.12"]
[Round "2"]
[White "manuellarrea"]
[Black "SARGISMV"]
[Result "0-1"]
[WhiteElo "2190"]
[BlackElo "2431"]
[TimeControl "180+1"]
[EndTime "10:18:49 PDT"]
[Termination "SARGISMV won on time"]

1. e4 e6 2. d4 d5 3. Nc3 Bb4 4. e5 c5 5. a3 Bxc3+ 6. bxc3 Ne7 7. Qg4 O-O 8. Nf3 Nbc6 9. Bd3 f5 10. exf6 Rxf6 11. Qh4 h6 12. dxc5 e5 13. Be2 Qa5 14. O-O Qxc3 15. Bd2 Qxc2 16. Rfc1 Qg6 17. Rab1 e4 18.
Ne1 Nd4 19. Bd1 Nef5 20. Qh5 Ne6 21. Qxg6 Rxg6 22. c6 bxc6 23. Rxc6 Bd7 24. Ra6 d4 25. Rb7 Be8 26. Raxa7 Rxa7 27. Rxa7 Nh4 28. Bh5 e3 29. fxe3 Rg5 30. Bxe8 d3 31. g3 Nf5 32. Bd7 Nc5 33. Bxf5 Rxf5 34. Ng2 Ne4 35. Bb4 Rd5 36.
Ra8+ Kh7 37. Re8 d2 38. Bxd2 Nxd2 39. Nf4 Ra5 40. Rd8 Ne4 41. Rd7 Rxa3 42. Ne6 Kg6 43. Rxg7+ Kf6 44. Rg4 Ra1+ 0-1

[Event "*** Titled Tuesday Blitz"]
[Site "Chess.com"]
[Date "2020.05.12"]
[Round "2"]
[White "blitzking1729"]
[Black "Shield12"]
[Result "0-1"]
[WhiteElo "2524"]
[BlackElo "2801"]
[TimeControl "180+1"]
[EndTime "10:18:50 PDT"]
[Termination "Shield12 won by resignation"]

1. d4 Nf6 2. c4 e6 3. Nf3 b6 4. g3 Bb7 5. Bg2 Be7 6. O-O O-O 7.
Nc3 Ne4 8. Bd2 Bf6 9. Be1 Nxc3 10. Bxc3 d6 11. Rc1 Nd7 12. e3 g6 13. Re1 Bg7 14. b4 c5 15. dxc5 dxc5 16. Bxg7 Kxg7 17.
Qb3 cxb4 18. Qxb4 Nc5 19. Rcd1 Qf6 20. Nd4 Bxg2 21. Kxg2 Rfd8 22. Qb5 Ne4 23. Qb2 Rac8 24. Rc1 e5 25. Nf3 Nc5 26. Nxe5 Na4 27. Qa1 Rd2 28. Nf3 Qxa1 29. Rxa1 Rc2 30. Red1 R8xc4 31. Rd7 Rc7 32. Rad1 a5 33. Ne5 Rxd7 34. Rxd7 Kf6 35.
Nxf7 Nc5 36. Rc7 Rxa2 37. Nd6 Nd3 38. Ne4+ Ke6 39. Kf3 b5 40. Rc6+ Ke7 41. Rc7+ Ke6 42. Rc6+ Ke5 43. Nc3 Rxf2+ 44. Kg4 b4 45. Nb5 b3 46.
Nc3 b2 47. Rb6 Rc2 48. Rb5+ Ke6 49. Nb1 a4 50. Ra5 Rc1 51. Na3 Ne5+ 52. Kf4 Nc4 53.
Ra6+ Kd7 0-1

[Event "*** Titled Tuesday Blitz"]
[Site "Chess.com"]
[Date "2020.05.12"]
[Round "2"]
[White "Onischuk_V"]
[Black "LawrenceTrent"]
[Result "1-0"]
[WhiteElo "2805"]
[BlackElo "2520"]
[TimeControl "180+1"]
[EndTime "10:18:50 PDT"]
[Termination "Onischuk_V won by resignation"]

1. e4 c5 2. Nf3 Nc6 3. Bb5 g6 4. Bxc6 bxc6 5. O-O Bg7 6. Re1 e5 7. c3 Ne7 8. d4 cxd4 9. cxd4 exd4 10. Nxd4 O-O 11.
Nc3 Rb8 12. Nb3 d5 13. Bg5 Be6 14. exd5 cxd5 15. Qd2 Re8 16. Rad1 Qc7 17. Nd4 Nc6 18. Nxe6 fxe6 19. b3 Qa5 20. Na4 Qxd2 21. Bxd2 Rbc8 22. Rc1 Ne5 23. Rxc8 Rxc8 24. Rc1 Rxc1+ 25. Bxc1 Nd3 26. Be3 d4 27. Bd2 Bf8 28. Kf1 Ne5 29. Ke2 d3+ 30.
Ke3 Ng4+ 31. Kxd3 Nxf2+ 32. Ke2 Ne4 33. Be3 a6 34. Kd3 Nf6 35. Bc5 e5 36. Bxf8 Kxf8 37. Nc5 a5 38. Nb7 Nd5 39. Nxa5 Nb4+ 40. Ke4 Nxa2 41.
Kxe5 Nc3 42. b4 Ke7 43. Nc6+ Kd7 44. Nd4 Nd1 45. b5 Ne3 46. g3 Nf1 47. Nf3 Ne3 48. Kf6 Nf5 49. g4 Nd6 50. Kg7 Ke7 51.
b6 h5 52. g5 Kd7 53. Kxg6 1-0

[Event "*** Titled Tuesday Blitz"]
[Site "Chess.com"]
[Date "2020.05.12"]
[Round "2"]
[White "pouya21"]
[Black "manmanlai1"]
[Result "1-0"]
[WhiteElo "2770"]
[BlackElo "2335"]
[TimeControl "180+1"]
[EndTime "10:18:50 PDT"]
[Termination "pouya21 won on time"]

1. d4 d5 2. c4 e6 3. Nc3 Bb4 4. a3 Bxc3+ 5. bxc3 c6 6. Nf3 b6 7. cxd5 cxd5 8. a4 Ne7 9. e3 O-O 10. Bb5 Qc7 11. O-O a5 12. Ba3 Ba6 13. Qd3 Rc8 14.
Rfc1 Bxb5 15. axb5 Nf5 16. Ne5 f6 17. c4 fxe5 18.
cxd5 Qd7 19. Rxc8+ Qxc8 20. Rc1 Qe8 21. dxe6 Qxe6 22.
Qe4 Ra7 23. d5 Qd7 24. Qxe5 Rb7 25. h3 Nh6 26. Rc6 Nf7 27. Qd4 Qd8 28. Re6 Nd7 29. Qe4 Nf6 30. Qf5 Rd7 31. d6 Nxd6 32. Qe5 Nf7 33.
Qf5 h6 34. Rc6 Rd5 35. Qc8 Rd1+ 36. Kh2 Nd5 37. Qxd8+ Nxd8 38. Rd6 Nc3 39. Rxb6 Kf7 40. Rb8 Ne6 41. b6 Nb5 42. b7 Rb1 43. Rf8+ Nxf8 44.
b8=Q Ne6 45. Bd6 Nc3 46. Qa7+ Kg6 47. Qxa5 1-0

[Event "*** Titled Tuesday Blitz"]
[Site "Chess.com"]
[Date "2020.05.12"]
[Round "2"]
[White "elohunter1999"]
[Black "Bulldog167"]
[Result "1-0"]
[WhiteElo "2561"]
[BlackElo "2830"]
[TimeControl "180+1"]
[EndTime "10:18:51 PDT"]
[Termination "elohunter1999 won on time"]

1. e4 e6 2. d4 d5 3. Nc3 Bb4 4. e5 c5 5. a3 Bxc3+ 6. bxc3 Ne7 7.
Qg4 Qc7 8. Qxg7 Rg8 9. Qxh7 cxd4 10.
Ne2 Nbc6 11. f4 dxc3 12. h4 d4 13. h5 Bd7 14. h6 O-O-O 15. Qd3 Kb8 16. h7 Rh8 17. g4 Bc8 18. Bg2 b6 19. Rb1 Bb7 20. Rh6 Nxe5 21. fxe5 Bxg2 22. Bg5 Qb7 23. Ng3 Bc6 24.
Rb4 Qd7 25. Bf6 Kb7 26. Rxd4 Nd5 27. Bxh8 Rxh8 28. Ne4 Ka8 29. Nf6 Qc7 30. Nxd5 exd5 31. Qf5 f6 32. Qxf6 Rxh7 33. Rxh7 Qxh7 34. Qxc6+ Kb8 35. Qd6+ Kc8 36. Qxd5 Qh4+ 37. Ke2 Qh2+ 38. Kd3 Qh3+ 39. Kc4 Qf1+ 40. Rd3 a6 41. Kxc3 Qe1+ 42.
Kb2 1-0

[Event "*** Titled Tuesday Blitz"]
[Site "Chess.com"]
[Date "2020.05.12"]
[Round "2"]
[White "VladDobrov"]
[Black "stolencandy13"]
[Result "1-0"]
[WhiteElo "2761"]
[BlackElo "2507"]
[TimeControl "180+1"]
[EndTime "10:18:51 PDT"]
[Termination "VladDobrov won by resignation"]

1. d4 Nf6 2. c4 c5 3. d5 e6 4. Nc3 exd5 5. cxd5 d6 6. Nf3 g6 7. Bf4 a6 8. e4 b5 9. Qe2 Be7 10. Qc2 O-O 11. a4 b4 12. Nd1 Nh5 13. Bh6 Re8 14.
Bd3 Bf8 15. Bxf8 Rxf8 16. O-O Bg4 17. Nd2 Nf4 18. Ne3 Be2 19. Bxe2 Nxe2+ 20. Kh1 Nd7 21.
Ndc4 Nd4 22. Qd3 Re8 23. Rae1 Qe7 24. f3 Ne5 25. Nxe5 Qxe5 26. Nc4 Qe7 27. f4 Rad8 28. Re3 Qd7 29. f5 Qxa4 30. b3 Qd7 31. Rh3 Qe7 32. Qd2 h5 33. Qh6 Qf8 34. Qg5 Qe7 35.
Qh6 Qf8 36. Qf4 Qg7 37. f6 Qf8 38. g4 Ne2 39. Qf3 Nd4 40. Qg2 Qh6 41. gxh5 g5 42. Rg3 Kh7 43. h4 Qxh5 44. Rxg5 Qxh4+ 45. Qh2 Qxh2+ 46. Kxh2 Rg8 47. Rh5+ Kg6 48. Rh3 Ne2 49.
Rf2 Rh8 50. Rxe2 Rxh3+ 51. Kxh3 Kxf6 52. Nxd6 1-0

[Event "*** Titled Tuesday Blitz"]
[Site "Chess.com"]
[Date "2020.05.12"]
[Round "2"]
[White "LionTheLeon_06"]
[Black "Chessmatus"]
[Result "1-0"]
[WhiteElo "2695"]
[BlackElo "2468"]
[TimeControl "180+1"]
[EndTime "10:18:51 PDT"]
[Termination "LionTheLeon_06 won by resignation"]

1. d4 Nf6 2. c4 g6 3. Nc3 d5 4. Nf3 Bg7 5. e3 O-O 6. h3 c5 7. dxc5 dxc4 8. Qxd8 Rxd8 9. Bxc4 Nbd7 10. c6 bxc6 11. O-O Bb7 12. e4 Nb6 13. Bb3 c5 14. Re1 Nfd7 15. Bg5 Re8 16. Rad1 Rac8 17. a4 c4 18. Bc2 a5 19. Nd4 Nc5 20. Ndb5 Kf8 21.
Be3 Nbd7 22. f4 Red8 23. Rd2 Ne6 24. Red1 Ke8 25. e5 g5 26. f5 Nf4 27. e6 fxe6 28.
fxe6 Nxe6 29. Bxh7 Nf6 30. Bg6+ Kf8 31. Rxd8+ Rxd8 32. Rxd8+ Nxd8 33. Bxg5 Nd5 34. Nxd5 Bxd5 35. Nc3 Bc6 36. Be3 Nb7 37. Bc2 e5 38. Kf2 Ke7 39. g4 Ke6 40. h4 Bf6 41. Bf5+ Kf7 42. Kg3 Nd6 43. Bc2 e4 44. Bf4 Nb7 45. g5 Bxc3 46. bxc3 Nc5 47. Bc7 Bxa4 48. Bxa4 Nxa4 49. Bxa5 Nb2 50.
Kf4 Kg6 51. Kxe4 Nd1 52. Kd4 Kh5 53. Bd8 Kxh4 54. g6+ 1-0

[Event "*** Titled Tuesday Blitz"]
[Site "Chess.com"]
[Date "2020.05.12"]
[Round "2"]
[White "AustrianFalcon"]
[Black "VitaliyBernadskiy"]
[Result "1-0"]
[WhiteElo "2467"]
[BlackElo "2731"]
[TimeControl "180+1"]
[EndTime "10:18:51 PDT"]
[Termination "AustrianFalcon won on time"]

1. e4 c5 2. Nf3 d6 3. d4 cxd4 4.
Nxd4 Nf6 5. Nc3 a6 6. h3 e5 7.
Nb3 Be6 8. f4 Nc6 9. Be2 Be7 10.
g4 exf4 11. Bxf4 Nd7 12. Qd3 Nde5 13. Qe3 Bh4+ 14. Bg3 O-O 15. O-O-O Bxg3 16. Qxg3 Rc8 17. g5 Qc7 18. Kb1 Nb4 19. h4 Qb6 20. h5 f5 21.
gxf6 Rxf6 22. Nd4 Bc4 23. Bg4 Rcf8 24. Nf5 Qc7 25. Rhg1 Be6 26. a3 Nbc6 27. Nd5 Bxd5 28. exd5 Nxg4 29. Qxg4 Rxf5 30. dxc6 bxc6 31. Rxd6 Rf1+ 32.
Rd1 Rxd1+ 33. Rxd1 h6 34. Rd7 Qe5 35. Qc4+ Kh8 36. Qxc6 Qxh5 37. Rd5 Qh1+ 38. Ka2 Qf3 39. Rc5 Qf7+ 40. c4 a5 41. Rxa5 Re8 42. Rd5 Re2 43.
Qb5 Qf3 44. a4 1-0

[Event "*** Titled Tuesday Blitz"]
[Site "Chess.com"]
[Date "2020.05.12"]
[Round "2"]
[White "bancsoo"]
[Black "adriangschnitzer"]
[Result "1-0"]
[WhiteElo "2755"]
[BlackElo "2505"]
[TimeControl "180+1"]
[EndTime "10:18:52 PDT"]
[Termination "bancsoo won by resignation"]

1. d4 Nf6 2. Nf3 c5 3. d5 b5 4. c3 d6 5. e4 a6 6. a4 bxa4 7. Qxa4+ Bd7 8. Qc2 g6 9. Be2 Bg7 10. O-O O-O 11. h3 Qb6 12. Be3 Bb5 13. Bxb5 Qxb5 14. Na3 Qb7 15. Nc4 Nbd7 16. Ra2 Nb6 17. Nxb6 Qxb6 18. Nd2 Rfb8 19. Nc4 Qb3 20. Qxb3 Rxb3 21.
f3 Nd7 22. Rfa1 Nb6 23. Rxa6 Rxa6 24. Rxa6 Nd7 25. Ra8+ Rb8 26. Ra7 Ne5 27. Nxe5 Bxe5 28. Ra2 e6 29. Kf2 exd5 30. exd5 f5 31. f4 Bf6 32. Ke2 c4 33. Bc1 Rb5 34. Ra4 Rc5 35. Be3 Rxd5 36. Rxc4 Rb5 37. b4 Kf7 38. Rc7+ Ke6 39.
Kd3 h5 40. Kc4 Rb8 41. b5 Bxc3 42. Kxc3 Rxb5 43. Bd4 Kd5 44. Rg7 Ke4 45. Rxg6 Rd5 46. Bg7 Rc5+ 47. Kd2 Kxf4 48. Bh6+ Ke4 49. Re6+ Kd5 50.
Re8 Ra5 51. Ke2 Ra3 52. Bf4 Ra4 53. Kf3 Re4 54. Rxe4 fxe4+ 55. Ke3 h4 56. Bg5 Ke5 57. Bxh4 d5 58. Bg3+ Kf5 59. Bd6 Ke6 60. Bc5 Ke5 61. Bd4+ 1-0

[Event "*** Titled Tuesday Blitz"]
[Site "Chess.com"]
[Date "2020.05.12"]
[Round "2"]
[White "nitpicker"]
[Black "jonaszmb"]
[Result "0-1"]
[WhiteElo "2277"]
[BlackElo "2520"]
[TimeControl "180+1"]
[EndTime "10:18:52 PDT"]
[Termination "jonaszmb won on time"]

1. d4 Nf6 2. c4 e6 3. g3 c5 4. d5 exd5 5. cxd5 d6 6. Nc3 g6 7. Bg2 Bg7 8. Nf3 O-O 9. O-O a6 10. a4 Re8 11. Bf4 Bf5 12. Nd2 Nh5 13. Be3 Rxe3 14. fxe3 Nd7 15. e4 Bg4 16. h3 Nxg3 17. hxg4 Bd4+ 18. Rf2 Qh4 19. Nf3 Bxf2+ 20. Kxf2 Nxe4+ 21. Kg1 Qf2+ 22. Kh1 Ng3+ 23. Kh2 Nf6 24. Qe1 Nxg4+ 25.
Kh3 Nf5 26. Qxf2 Nxf2+ 27. Kh2 Ng4+ 28. Kg1 Re8 29. e4 Nd4 30. Rd1 Nxf3+ 31. Bxf3 Ne5 32. Kf2 h5 33. Rb1 Kg7 34. b4 Nd3+ 35. Ke3 Nxb4 36. Rb2 Kh6 37. Be2 g5 38. Bc4 f5 39. Kf3 f4 40.
Na2 a5 41. Nxb4 axb4 42. Bb5 Rf8 43. Rf2 g4+ 44. Ke2 f3+ 45. Ke3 Kg5 46. Bf1 h4 47.
Ra2 g3 48. a5 Kg4 49. e5 dxe5 50. Ke4 h3 51. Kxe5 g2 52. Bxg2 hxg2 0-1

[Event "*** Titled Tuesday Blitz"]
[Site "Chess.com"]
[Date "2020.05.12"]
[Round "2"]
[White "Oligan22"]
[Black "Kapibara_Warri0r"]
[Result "1-0"]
[WhiteElo "2397"]
[BlackElo "2083"]
[TimeControl "180+1"]
[EndTime "10:18:52 PDT"]
[Termination "Oligan22 won on time"]

1. e4 e5 2. Nf3 Nc6 3. Bb5 a6 4. Ba4 d6 5. c3 g6 6. d4 Bd7 7.
d5 Nb8 8. c4 Bg7 9. Nc3 Ne7 10.
O-O O-O 11. b4 Bg4 12. h3 Bxf3 13. Qxf3 f5 14. c5 h6 15. exf5 gxf5 16. Qh5 f4 17.
Ne4 Nf5 18. Bc2 Nd7 19. Qg6 Qe8 20. Qe6+ Kh8 21. Nxd6 Nxd6 22. cxd6 cxd6 23. Qxd6 e4 24. Rb1 f3 25. Bb2 Qf7 26. Qxh6+ Kg8 27. Bxg7 Qxg7 28.
Qxg7+ Kxg7 29. Bxe4 fxg2 30. Bxg2 Ne5 31. Rfe1 Nd3 32.
Re7+ Rf7 33. Rxf7+ Kxf7 34. a3 Rd8 35. Rd1 Nf4 36. Rd2 Kf6 37. h4 Ke5 38. Kh2 Rg8 39. Bf3 Rh8 40. Kg3 Rg8+ 41. Bg4 Nh5+ 42. Kh3 Nf4+ 43.
Kg3 Nh5+ 44. Kf3 Rf8+ 45. Ke3 Nf4 46. Bf3 Re8 47. d6 Kf5+ 48. Kd4 Rd8 49. Kc5 Ne6+ 50. Kb6 Rd7 51. Bxb7 1-0

[Event "*** Titled Tuesday Blitz"]
[Site "Chess.com"]
[Date "2020.05.12"]
[Round "2"]
[White "googlegoom"]
[Black "Beca95"]
[Result "0-1"]
[WhiteElo "2563"]
[BlackElo "2925"]
[TimeControl "180+1"]
[EndTime "10:18:53 PDT"]
[Termination "Beca95 won on time"]

1. Nf3 c5 2. b3 d6 3. d4 cxd4 4. Nxd4 e5 5. Nf3 Nc6 6. Bb2 Nf6 7. e3 h6 8. Be2 g5 9. c4 g4 10.
Nfd2 Be6 11. Nc3 h5 12. a3 h4 13. b4 Rc8 14. Nde4 Nxe4 15. Nxe4 a5 16. b5 Nb8 17.
Rc1 f5 18. Nc3 Nd7 19. e4 Rg8 20. exf5 Bxf5 21. Nd5 Nc5 22. Ne3 Qg5 23. Nxf5 Qxf5 24. O-O Ke7 25. f4 exf4 26. Kh1 f3 27. Bxf3 gxf3 28. Rxf3 Qg6 29. Qf1 Ne4 30. Re1 Rxc4 31. Bf6+ Kd7 32. Bxh4 d5 33. Rxf8 Rxf8 34. Qxf8 Qd6 35.
Qd8+ Ke6 36. Qf6+ Kd7 37. Qd8+ Ke6 38. Qe8+ Kf5 39. Rf1+ Kg4 40. Bd8 Nf2+ 41. Kg1 Qc5 42. Qg6+ Kf4 43. Rxf2+ Ke3 44. Qg3+ Ke4 45. Qg4+ Kd3 46.
Be7 Rc1+ 0-1

[Event "*** Titled Tuesday Blitz"]
[Site "Chess.com"]
[Date "2020.05.12"]
[Round "2"]
[White "Sjakkerntobi"]
[Black "GameOverBro"]
[Result "1/2-1/2"]
[WhiteElo "2276"]
[BlackElo "2483"]
[TimeControl "180+1"]
[EndTime "10:18:54 PDT"]
[Termination "Game drawn by repetition"]

1. e4 d6 2. d4 Nf6 3. Nc3 e5 4.
Nf3 Nbd7 5. dxe5 dxe5 6. Bc4 Be7 7. O-O c6 8. Re1 O-O 9. a4 a5 10. Ba2 Qc7 11. Qe2 Nc5 12. Nd2 Bg4 13. f3 Be6 14.
Bxe6 Nxe6 15. Nc4 Nd4 16. Qf2 Nd7 17. Be3 Bc5 18. Rad1 Rfd8 19. Nxe5 Nxe5 20. Bxd4 Bxd4 21.
Rxd4 Rxd4 22. Qxd4 Rd8 23. Qc5 b6 24. Qf2 Nc4 25.
b3 Qe5 26. Rd1 Rxd1+ 27. Nxd1 Qa1 28. Qf1 Ne5 29. Ne3 Qd4 30. Qf2 g6 31. Nf1 Qc3 32.
Qd2 Qc5+ 33. Ne3 h5 34. h3 b5 35. Kh1 bxa4 36. bxa4 Kg7 37. c3 Kg8 38. Qd4 Qe7 39. Nc4 Nxc4 40. Qxc4 Qd7 41. Qd4 Qb7 42. Kh2 Qc7+ 43.
Kh1 h4 44. e5 Qe7 45. Qd6 Qg5 46. Qd4 Qc1+ 47. Kh2 Qg5 48. f4 Qg3+ 49. Kh1 Qe1+ 50. Kh2 Qg3+ 51. Kg1 Qe1+ 52. Kh2 Qg3+ 1/2-1/2